AoeStats
← Ndrangheta

Arabian Desert

510190164Analyzed
1v1 RM · 3d ago on Sep 29, 2026· 33m 11s· 2 players
Game mode
Random Map
Map size
Tiny (2 player)
Population
200
Speed
Normal
Resources
Standard
Victory
Conquest
Starting age
Dark Age
Ending age
Imperial Age
RankedLock teamsTeams togetherTeam positionsShared explorationLock speedFull tech treeHidden civsTurbo modeCheats
Victory
Defeat
🇲🇽 Spanish · Mexico
1430
+18
🇦🇷 Varangians · Argentina
1480
-18
Ndrangheta
6:57 Loom
9:14 Feudal Age
9:48 Double-Bit Axe
15:10 Fletching
21:56 Castle Age
20:11 Horse Collar
21:55 Bloodlines
22:03 Scale Barding Armor
22:00 Light Cavalry
29:57 Scale Mail Armor
JostynSG
9:14 Loom
11:09 Feudal Age
15:53 Castle Age
17:10 Double-Bit Axe
22:20 Husbandry
23:28 Bloodlines
Connection lost

Rejoining the realm…

Still unreachable

The connection could not be restored.

Session expired

The server has moved on; the page needs a fresh start.